 Dungeon Sprint DCSS version 0.17.1-3-g152610e (webtiles) character file.

36143 hexophile the Tortoise (level 14, -11/131 HPs)
             Began as a Formicid Fighter on Apr 17, 2016.
             Was the Champion of Makhleb.
             Killed by the air
             ... invoked by a spriggan air mage
              (18 damage)
             ... in the Dungeon (Sprint IX: "|||||||||||||||||||||||||||||").
             The game lasted 00:15:10 (3355 turns).

hexophile the Tortoise (Formicid Fighter)           Turns: 3355, Time: 00:15:10

Health: -11/131    AC: 22    Str: 25    XL:     14   Next: 22%
Magic:  20/20      EV: 10    Int:  9    God:    Makhleb [******]
Gold:   503        SH: 15    Dex: 11    Spells: 0 memorised, 13 levels left

rFire  . . .     SeeInvis +     B - +12 demon blade "Ygauchog" {vamp, Dex+3}
rCold  + . .     Clarity  .     d - +0 swamp dragon armour {rPois}
rNeg   . . .     SustAt   .     c - +0 shield
rPois  +         Gourm    .     (helmet unavailable)
rElec  .         Spirit   .     x - +0 cloak
rCorr  .         Warding  .     C - +1 pair of gloves
rMut   .         Stasis   +     s - +1 pair of boots
MR     +....                    (no amulet)
Stlth  +.........               D - ring of protection from cold {rC+}
                                u - +2 ring of protection

@: somewhat resistant to hostile enchantments, very unstealthy
A: permanent stasis, dig shafts and tunnels, four strong arms, antennae 3,
clumsy 1
a: Dig, Minor Destruction, Lesser Servant of Makhleb, Major Destruction, Greater
Servant of Makhleb, Renounce Religion


You were in the Dungeon.
You worshipped Makhleb.
Makhleb was exalted by your worship.
You were very full.

You visited 1 branch You collected 1557 gold pieces.
You spent 1054 gold pieces at shops.


Innate Abilities, Weirdness & Mutations

You are under a permanent stasis effect.
You can dig through walls and to a lower floor.
Your four strong arms can wield two-handed weapons with a shield.
You have a pair of large antennae on your head (SInv).
You are clumsy. (Dex -2)

Inventory:

Hand Weapons
 o - a +2 scimitar of holy wrath
 B - the +12 demon blade "Ygauchog" (weapon) {vamp, Dex+3}
   (You found it in the Dungeon)

   It inflicts no extra harm, but heals its wielder somewhat when it strikes a
   living foe.
   It affects your dexterity (+3).
Armour
 c - a +0 shield (worn)
 d - a +0 swamp dragon armour (worn) {rPois}
 j - a fire dragon hide {rF++ rC-}
 s - a +1 pair of boots (worn)
 x - a +0 cloak (worn)
 y - a +1 ice dragon armour {rC++ rF-}
 C - a +1 pair of gloves (worn)
Jewellery
 u - a +2 ring of protection (left hand)
 D - a ring of protection from cold (right hand) {rC+}
 E - an uncursed ring of fire {rF+ rC-}
Wands
 n - a wand of draining (0)
Scrolls
 a - a scroll of magic mapping
 e - 2 scrolls of recharging
 l - 5 scrolls of identify
 m - 4 scrolls of remove curse
Potions
 b - a potion of brilliance {Archmagi Int+5 Wiz++}
 g - 2 potions of heal wounds
 i - 5 potions of magic
 q - 2 potions of cure mutation {!q}
 A - 5 potions of curing
Miscellaneous
 f - a fan of gales
Comestibles
 r - 11 bread rations
 v - 40 fruits
 w - 11 meat rations


You had 13 spell levels left.
You didn't know any spells.


   Skills:
 * Level 18.9 Fighting
 * Level 18.7 Long Blades
 * Level 18.9 Armour
 * Level 18.3 Shields
 - Level 8.3 Invocations
 * Level 6.8 Evocations

Dungeon Overview and Level Annotations

Branches:
Dungeon (1/1)

Altars:
Cheibriados
Dithmenos
Elyvilon
Fedhas
Gozag
Kikubaaqudgha
Makhleb
Nemelex Xobeh
Okawaru
Qazlal
Ru
Sif Muna
Trog
Vehumet
Xom
Yredelemnul
Zin
The Shining One
Beogh
Jiyva
Lugonu

Shops:
D *?}*

Vault maps used:
D:        linesprint
You       could see 2 juggernauts, a frost giant, an ice dragon, a great orb of
          eyes, a rakshasa, an ogre mage (invisible) and a spriggan air mage.


Message History

Okay, then.
Okay, then.
Read which item? (? for menu, Esc to quit)
As you read the scroll of fear, it crumbles to dust.
You assume a fearsome visage.
The rakshasa is unaffected.
The ogre mage easily resists.
The ice dragon looks frightened!
The spriggan air mage resists with almost no effort.
The juggernaut resists with some effort.
The juggernaut resists with almost no effort.
The frost giant looks frightened!
The great orb of eyes resists with almost no effort.
The rakshasa closely misses you.
Unknown command.
Drink which item? (? for menu, Esc to quit)
You feel much better.
Cornered, the ice dragon turns to fight!
The frost giant wails, "Oh dear!
Oh dear!"
Cornered, the frost giant turns to fight!
The rakshasa hits you but does no damage.
Restored 25 HP.
You have now: 66/131 HP.
Unknown command.
Unknown command.
Drink which item? (? for menu, Esc to quit)
You feel much better. The juggernaut hits you!!!!
Ouch! That really hurt!
* * * LOW HITPOINT WARNING * * *
The spriggan air mage waves its arms in wide circles.
The air twists around and strikes you!
* * * LOW HITPOINT WARNING * * *
You lost 62 HP.
You have now: 4/131 HP.
Unknown command.
Unknown command.
Drink which item? (? for menu, Esc to quit)
You feel much better.
The rakshasa weaves an illusion.
Restored 26 HP.
You have now: 30/131 HP.
Unknown command.
Drink which item? (? for menu, Esc to quit)
You feel much better.
The rakshasa weaves an illusion.
Restored 18 HP.
You have now: 48/131 HP.
Unknown command.
Unknown command.
You slice the juggernaut!!
You feel better.
The juggernaut is moderately wounded.
You block the rakshasa's attack. The juggernaut hits you!!!
* * * LOW HITPOINT WARNING * * *
The spriggan air mage waves its arms in wide circles.
The air twists around and strikes you!
You die...

Action                   |  1- 3 |  4- 6 |  7- 9 | 10-12 | 13-15 || total
-------------------------+-------+-------+-------+-------+-------++-------
Melee: Long sword        |    54 |     4 |   111 |       |       ||   169
       Scimitar          |       |       |    46 |   310 |       ||   356
       Demon blade       |       |       |       |    90 |   204 ||   294
       Falchion          |       |       |       |    16 |       ||    16
Invok: Major Destruction |       |       |       |     8 |     3 ||    11
       Lesser Servant of |       |       |       |     2 |     6 ||     8
Evoke: Wand              |       |     6 |     1 |       |       ||     7
  Use: Potion            |       |     1 |     1 |     3 |     6 ||    11
       Scroll            |       |       |       |       |     1 ||     1
 Stab: Invisible         |       |       |       |     5 |       ||     5
       Distracted        |       |       |       |       |     1 ||     1
  Eat: Chunk             |       |       |       |     4 |       ||     4
       Bread ration      |       |       |       |     2 |     2 ||     4
       Meat ration       |       |       |       |     1 |       ||     1

Notes
Turn   | Place    | Note
--------------------------------------------------------------
     0 | D        | hexophile the Formicid Fighter began the quest for the Orb.
     0 | D        | Reached XP level 1. HP: 18/18 MP: 1/1
    11 | D        | Reached skill level 3 in Long Blades
    23 | D        | Reached skill level 4 in Long Blades
   111 | D        | Noticed a crimson imp
   111 | D        | Noticed a hound
   118 | D        | Reached XP level 2. HP: 21/24 MP: 2/2
   140 | D        | Killed a crimson imp
   140 | D        | Reached skill level 7 in Long Blades
   140 | D        | Reached XP level 3. HP: 18/29 MP: 3/3
   147 | D        | Killed a hound
   147 | D        | Reached skill level 8 in Long Blades
   147 | D        | Reached XP level 4. HP: 14/35 MP: 4/4
   158 | D        | Found a glowing silver altar of Zin.
   158 | D        | Found a glowing golden altar of the Shining One.
   158 | D        | Found an ancient bone altar of Kikubaaqudgha.
   158 | D        | Found a basalt altar of Yredelemnul.
   158 | D        | Found a shimmering altar of Xom.
   158 | D        | Found a radiant altar of Vehumet.
   159 | D        | Found an iron altar of Okawaru.
   160 | D        | Found a burning altar of Makhleb.
   161 | D        | Found a deep blue altar of Sif Muna.
   162 | D        | Found a bloodstained altar of Trog.
   163 | D        | Found a sparkling altar of Nemelex Xobeh.
   164 | D        | Found a white marble altar of Elyvilon.
   165 | D        | Found a roughly hewn altar of Beogh.
   166 | D        | Found a viscous altar of Jiyva.
   167 | D        | Found a corrupted altar of Lugonu.
   168 | D        | Found a blossoming altar of Fedhas.
   171 | D        | Found a snail-covered altar of Cheibriados.
   172 | D        | Found a shadowy altar of Dithmenos.
   173 | D        | Found a stormy altar of Qazlal.
   174 | D        | Found an opulent altar of Gozag.
   175 | D        | Found a sacrificial altar of Ru.
   186 | D        | Became a worshipper of Makhleb the Destroyer
   336 | D        | Noticed a black bear
   336 | D        | Noticed a sky beast
   336 | D        | Noticed an ogre
   340 | D        | Killed a black bear
   340 | D        | Reached * piety under Makhleb
   340 | D        | Reached skill level 5 in Fighting
   340 | D        | Reached skill level 9 in Long Blades
   340 | D        | Reached skill level 5 in Armour
   340 | D        | Reached XP level 5. HP: 37/46 MP: 5/5
   340 | D        | Killed an ogre
   340 | D        | Reached skill level 6 in Fighting
   340 | D        | Reached skill level 10 in Long Blades
   340 | D        | Reached skill level 6 in Armour
   340 | D        | Reached XP level 6. HP: 48/53 MP: 6/6
   341 | D        | Killed a sky beast
   341 | D        | Reached ** piety under Makhleb
   341 | D        | Reached skill level 7 in Fighting
   341 | D        | Reached skill level 7 in Armour
   422 | D        | Noticed a basilisk
   422 | D        | Noticed an orc warrior
   422 | D        | Noticed a two-headed ogre
   422 | D        | Noticed a wyvern
   426 | D        | HP: 2/56 [basilisk (6)]
   428 | D        | Killed a basilisk
   428 | D        | Reached skill level 8 in Fighting
   428 | D        | Reached skill level 8 in Armour
   428 | D        | Reached XP level 7. HP: 28/63 MP: 7/7
   428 | D        | Killed a two-headed ogre
   428 | D        | Reached *** piety under Makhleb
   428 | D        | Reached skill level 9 in Fighting
   428 | D        | Reached skill level 11 in Long Blades
   428 | D        | Reached skill level 9 in Armour
   432 | D        | Killed an orc warrior
   432 | D        | Reached XP level 8. HP: 40/72 MP: 8/8
   441 | D        | Reached **** piety under Makhleb
   456 | D        | Killed a wyvern
   456 | D        | Reached skill level 10 in Fighting
   456 | D        | Reached skill level 10 in Armour
   754 | D        | Noticed a water moccasin
   754 | D        | Noticed a giant frog
   754 | D        | Noticed a giant frog
   754 | D        | Noticed a komodo dragon
   754 | D        | Noticed a crocodile
   754 | D        | Noticed a yak
   757 | D        | Noticed a giant frog
   766 | D        | Killed a water moccasin
   766 | D        | Reached skill level 12 in Long Blades
   773 | D        | Noticed a water moccasin
   774 | D        | Killed a giant frog
   777 | D        | Noticed a water moccasin
   781 | D        | Killed a giant frog
   781 | D        | Reached skill level 4 in Shields
   797 | D        | Killed a komodo dragon
   797 | D        | Reached ***** piety under Makhleb
   797 | D        | Reached skill level 11 in Fighting
   797 | D        | Reached skill level 11 in Armour
   797 | D        | Reached skill level 5 in Shields
   797 | D        | Reached XP level 9. HP: 38/81 MP: 9/9
   806 | D        | Killed a crocodile
   816 | D        | Killed a yak
   816 | D        | Reached skill level 6 in Shields
   826 | D        | Killed a giant frog
   834 | D        | Killed a water moccasin
   839 | D        | Killed a water moccasin
   861 | D        | Noticed a giant frog
   861 | D        | Noticed a giant frog
   861 | D        | Noticed a crocodile
   861 | D        | Noticed a griffon
   861 | D        | Noticed a yak
   865 | D        | Killed a giant frog
   865 | D        | Reached ****** piety under Makhleb
   865 | D        | Reached skill level 7 in Shields
   869 | D        | Killed a giant frog
   869 | D        | Reached skill level 13 in Long Blades
   883 | D        | Killed a griffon
   883 | D        | Reached skill level 12 in Fighting
   883 | D        | Reached skill level 12 in Armour
   883 | D        | Reached skill level 2 in Invocations
   888 | D        | Killed a crocodile
   888 | D        | Reached skill level 8 in Shields
   888 | D        | Reached skill level 3 in Invocations
   894 | D        | Killed a yak
   895 | D        | Noticed a crocodile
   897 | D        | Noticed a water moccasin
   902 | D        | Killed a crocodile
   911 | D        | Killed a water moccasin
   911 | D        | Reached skill level 4 in Invocations
   911 | D        | Reached XP level 10. HP: 87/90 MP: 11/13
   918 | D        | Noticed an elephant
   918 | D        | Noticed an elephant
   918 | D        | Noticed an elephant
   918 | D        | Noticed an elephant
   918 | D        | Noticed an elephant
   918 | D        | Noticed an elephant
   919 | D        | Noticed a dire elephant
   927 | D        | Killed an elephant
   933 | D        | Killed an elephant
   933 | D        | Reached skill level 9 in Shields
   933 | D        | Reached skill level 5 in Invocations
   951 | D        | Killed a dire elephant
   951 | D        | Reached skill level 13 in Fighting
   951 | D        | Reached skill level 14 in Long Blades
   951 | D        | Reached skill level 13 in Armour
   951 | D        | Reached skill level 10 in Shields
   951 | D        | Reached skill level 6 in Invocations
   953 | D        | Killed an elephant
   953 | D        | Reached skill level 7 in Invocations
   955 | D        | Noticed an elephant
   959 | D        | Killed an elephant
   969 | D        | Killed an elephant
   975 | D        | Killed an elephant
   975 | D        | Reached skill level 8 in Invocations
   975 | D        | Reached XP level 11. HP: 58/98 MP: 15/17
   987 | D        | Killed an elephant
   987 | D        | Reached skill level 11 in Shields
  1156 | D        | Noticed Sonja
  1162 | D        | Killed Sonja
  1215 | D        | Noticed an orc wizard
  1215 | D        | Noticed an orc warrior
  1216 | D        | Killed an orc wizard
  1217 | D        | Noticed an orc priest
  1218 | D        | Noticed an orc wizard
  1227 | D        | Killed an orc warrior
  1227 | D        | Reached skill level 14 in Armour
  1229 | D        | Noticed an orc wizard
  1233 | D        | Noticed an orc priest
  1237 | D        | Killed an orc priest
  1242 | D        | Killed an orc wizard
  1244 | D        | Noticed an orc warrior
  1245 | D        | Killed an orc wizard
  1245 | D        | Reached skill level 14 in Fighting
  1258 | D        | Killed an orc warrior
  1261 | D        | Killed an orc priest
  1335 | D        | Noticed an orc warrior
  1335 | D        | Noticed an orc warrior
  1335 | D        | Noticed an orc wizard
  1335 | D        | Noticed an orc warrior
  1335 | D        | Noticed an orc warrior
  1335 | D        | Noticed an orc priest
  1337 | D        | Noticed an orc warrior
  1340 | D        | Killed an orc warrior
  1348 | D        | Killed an orc warrior
  1349 | D        | Noticed an orc warrior
  1353 | D        | Killed an orc warrior
  1356 | D        | Noticed an orc warrior
  1357 | D        | Noticed an orc warrior
  1360 | D        | Noticed an orc warrior
  1362 | D        | Killed an orc warrior
  1378 | D        | Killed an orc warrior
  1382 | D        | Killed an orc wizard
  1385 | D        | Killed an orc priest
  1387 | D        | Noticed an orc warrior
  1388 | D        | Killed an orc warrior
  1399 | D        | Killed an orc warrior
  1399 | D        | Reached skill level 12 in Shields
  1405 | D        | Killed an orc warrior
  1415 | D        | Killed an orc warrior
  1415 | D        | Reached skill level 15 in Long Blades
  1422 | D        | Killed an orc warrior
  1559 | D        | Found Wuojanau's General Store.
  1559 | D        | Noticed an orc knight
  1559 | D        | Noticed an orc knight
  1559 | D        | Noticed an orc knight
  1559 | D        | Noticed an orc high priest
  1559 | D        | Noticed an orc knight
  1572 | D        | Killed an orc knight
  1574 | D        | Killed an orc knight
  1574 | D        | Gained mutation: You are clumsy. (Dex -2) [a neqoxec]
  1578 | D        | Noticed an orc knight
  1580 | D        | Noticed an orc high priest
  1581 | D        | Killed an orc knight
  1587 | D        | Found Ucrixtil's Magic Scroll Shoppe.
  1587 | D        | Noticed an orc knight
  1590 | D        | Killed an orc high priest
  1590 | D        | Reached skill level 13 in Shields
  1594 | D        | Noticed an orc knight
  1602 | D        | Killed an orc knight
  1602 | D        | Reached skill level 15 in Fighting
  1602 | D        | Reached skill level 15 in Armour
  1606 | D        | Noticed an orc knight
  1608 | D        | Killed an orc knight
  1612 | D        | Noticed an orc knight
  1614 | D        | Noticed an orc knight
  1622 | D        | Killed an orc high priest
  1622 | D        | Reached XP level 12. HP: 108/110 MP: 18/18
  1633 | D        | Killed an orc knight
  1641 | D        | Killed an orc knight
  1642 | D        | Found Fuasotat's Gadget Emporium.
  1654 | D        | Killed an orc knight
  1654 | D        | Reached skill level 16 in Long Blades
  1660 | D        | Killed an orc knight
  1660 | D        | Reached skill level 14 in Shields
  1668 | D        | Noticed an orc high priest
  1676 | D        | Killed an orc knight
  1681 | D        | Noticed a sun demon
  1681 | D        | Killed an orc high priest
  1684 | D        | Found Aruakouc's Assorted Antiques.
  1716 | D        | Bought a scroll of magic mapping for 35 gold pieces
  1716 | D        | Bought a +5 vampiric falchion for 360 gold pieces
  1718 | D        | Bought a scroll of recharging for 104 gold pieces
  1720 | D        | Bought a fan of gales for 400 gold pieces
  1722 | D        | Bought a potion of heal wounds for 155 gold pieces
  1768 | D        | Noticed Eustachio
  1794 | D        | Killed Eustachio
  1813 | D        | Noticed Psyche
  1822 | D        | Killed Psyche
  1822 | D        | Reached skill level 16 in Armour
  1856 | D        | Got the +12 demon blade "Ygauchog" {vamp, Dex+3}
  2030 | D        | Noticed a manticore
  2030 | D        | Noticed a kobold demonologist
  2030 | D        | Noticed an orc warrior
  2030 | D        | Noticed a hill giant
  2030 | D        | Noticed a freezing wraith
  2030 | D        | Noticed a hill giant
  2034 | D        | Killed a manticore
  2034 | D        | Reached skill level 16 in Fighting
  2036 | D        | Noticed a sun demon
  2040 | D        | Killed a kobold demonologist
  2048 | D        | Killed a hill giant
  2049 | D        | Noticed a yaktaur captain
  2051 | D        | Noticed a crimson imp
  2055 | D        | Killed an orc warrior
  2061 | D        | Killed a freezing wraith
  2064 | D        | Noticed a slime creature
  2065 | D        | Killed a hill giant
  2065 | D        | Reached skill level 15 in Shields
  2071 | D        | Killed a yaktaur captain
  2073 | D        | Killed a crimson imp
  2089 | D        | Killed a slime creature
  2093 | D        | Noticed an entropy weaver
  2094 | D        | Noticed an ice dragon
  2098 | D        | Noticed a yaktaur captain
  2099 | D        | Noticed a fire dragon
  2342 | D        | Killed an entropy weaver
  2366 | D        | Killed an ice dragon
  2366 | D        | Reached skill level 17 in Long Blades
  2366 | D        | Reached XP level 13. HP: 48/119 MP: 19/19
  2412 | D        | Killed a yaktaur captain
  2459 | D        | Killed a fire dragon
  2459 | D        | Reached skill level 17 in Fighting
  2459 | D        | Reached skill level 17 in Armour
  2581 | D        | Noticed a naga
  2581 | D        | Noticed a black mamba
  2581 | D        | Noticed a naga
  2581 | D        | Noticed a black mamba
  2581 | D        | Noticed a black mamba
  2581 | D        | Noticed a shock serpent
  2583 | D        | Killed a naga
  2583 | D        | Reached skill level 16 in Shields
  2588 | D        | Killed a black mamba
  2593 | D        | Killed a naga
  2594 | D        | Noticed a naga mage
  2600 | D        | Killed a shock serpent
  2605 | D        | Noticed a naga sharpshooter
  2610 | D        | Noticed a naga ritualist
  2610 | D        | Killed a black mamba
  2613 | D        | Killed a black mamba
  2618 | D        | Killed a naga mage
  2626 | D        | Killed a naga sharpshooter
  2632 | D        | Killed a naga ritualist
  2886 | D        | Noticed a vampire mosquito
  2886 | D        | Noticed a bog body
  2886 | D        | Noticed a wasp
  2886 | D        | Noticed a six-headed hydra
  2886 | D        | Noticed a bog body
  2886 | D        | Noticed a spiny frog
  2891 | D        | Killed a vampire mosquito
  2892 | D        | Noticed a swamp dragon
  2894 | D        | Noticed a spriggan druid
  2903 | D        | Killed a six-headed hydra
  2906 | D        | Killed a bog body
  2908 | D        | Killed a wasp
  2909 | D        | Noticed a spriggan druid
  2912 | D        | Killed a bog body
  2916 | D        | Noticed a swamp dragon
  2916 | D        | Killed a spiny frog
  2921 | D        | Killed a swamp dragon
  2925 | D        | Killed a spriggan druid
  2925 | D        | Reached skill level 17 in Shields
  2928 | D        | Killed a spriggan druid
  2931 | D        | Killed a swamp dragon
  2931 | D        | Reached skill level 18 in Fighting
  2931 | D        | Reached skill level 18 in Long Blades
  2931 | D        | Reached skill level 18 in Armour
  2942 | D        | Noticed a wolf spider
  2942 | D        | Noticed a ghost moth
  2942 | D        | Noticed a tarantella
  2942 | D        | Noticed a demonic crawler
  2942 | D        | Noticed a jumping spider
  2943 | D        | Noticed a trapdoor spider
  2945 | D        | Noticed a redback
  2947 | D        | Killed a wolf spider
  2947 | D        | Reached skill level 1 in Evocations
  2948 | D        | Noticed a jumping spider
  2956 | D        | Killed a ghost moth
  2956 | D        | Reached skill level 2 in Evocations
  2959 | D        | Killed a tarantella
  2962 | D        | Killed a demonic crawler
  2965 | D        | Killed a trapdoor spider
  2965 | D        | Reached skill level 3 in Evocations
  2968 | D        | Killed a redback
  2970 | D        | Killed a jumping spider
  2972 | D        | Noticed a jumping spider
  2975 | D        | Killed a jumping spider
  2977 | D        | Killed a jumping spider
  2985 | D        | Noticed a siren
  2985 | D        | Noticed a merfolk
  2985 | D        | Noticed a merfolk impaler
  2985 | D        | Noticed a merfolk avatar
  2985 | D        | Noticed a water elemental
  2985 | D        | Noticed a merfolk javelineer
  2986 | D        | Noticed a wind drake
  2989 | D        | Killed a siren
  2990 | D        | Noticed a satyr
  2997 | D        | Killed a merfolk avatar
  2997 | D        | Reached skill level 4 in Evocations
  3006 | D        | Noticed a merfolk
  3013 | D        | Killed a merfolk javelineer
  3021 | D        | Killed a merfolk impaler
  3021 | D        | Reached skill level 5 in Evocations
  3021 | D        | Reached XP level 14. HP: 95/131 MP: 7/20
  3027 | D        | Killed a merfolk
  3029 | D        | Killed a water elemental
  3041 | D        | Killed a wind drake
  3067 | D        | Killed a satyr
  3067 | D        | Reached skill level 18 in Shields
  3073 | D        | Killed a merfolk
  3216 | D        | Noticed a seven-headed hydra
  3235 | D        | Killed a ten-headed hydra
  3323 | D        | Noticed a deep troll shaman
  3323 | D        | Noticed a sphinx
  3323 | D        | Noticed a rakshasa
  3323 | D        | Noticed an ogre mage
  3323 | D        | Noticed an ice dragon
  3323 | D        | Noticed a spriggan air mage
  3328 | D        | Killed a deep troll shaman
  3328 | D        | Reached skill level 6 in Evocations
  3336 | D        | Noticed a juggernaut
  3338 | D        | Noticed a juggernaut
  3338 | D        | Killed a sphinx
  3344 | D        | Noticed a frost giant
  3347 | D        | Noticed a great orb of eyes
  3352 | D        | HP: 4/131 [spriggan air mage/the air (6)]
  3355 | D        | Killed from afar by a spriggan air mage

Table legend:
 A = Turns spent in this place as a percentage of turns spent in the entire game.
 B = Non-inter-level travel turns spent in this place as a percentage of non-inter-level travel turns spent in the entire game.
 C = Inter-level travel turns spent in this place as a percentage of turns spent in this place.
 D = Turns resting spent in this place as a percentage of non-inter-level travel turns spent in this place.
 E = Turns spent auto-exploring this place as a percentage of non-inter-level travel turns spent in this place.
 F = Non-inter-level travel turns spent in this place divided by the number of levels of this place that you've seen.
                   A       B       C       D       E      F
               +-------+-------+-------+-------+-------+----------------------
         Total | 100.0 | 100.0 |   0.0 |   1.6 |   0.8 | 2119.0
       Dungeon | 100.0 | 100.0 |   0.0 |   1.6 |   0.8 | 2119.0
               +-------+-------+-------+-------+-------+----------------------

Table legend:
 A = Kills in this place as a percentage of kills in entire the game.
 B = Kills by you in this place as a percentage of kills by you in the entire game.
 C = Kills by friends in this place as a percentage of kills by friends in the entire game.
 D = Other kills in this place as a percentage of other kills in the entire game.
 E = Experience gained in this place as a percentage of experience gained in the entire game.
 F = Experience gained in this place divided by the number of levels of this place that you have seen.
                   A       B       C       D       E      F
               +-------+-------+-------+-------+-------+----------------------
         Total | 100.0 | 100.0 | 100.0 |  -nan | 100.0 | 51633.0
       Dungeon | 100.0 | 100.0 | 100.0 |  -nan | 100.0 | 51633.0
               +-------+-------+-------+-------+-------+----------------------

Vanquished Creatures
  A sphinx (D)
  A ghost moth (D)
  A dire elephant (D)
  A merfolk javelineer (D)
  A merfolk impaler (D)
  A fire dragon (D)
  An entropy weaver (D)
  2 yaktaur captains (D)
  An ice dragon (D)
  A hydra (D)
  A merfolk avatar (D)
  A deep troll shaman (D)
  A shock serpent (D)
  A satyr (D)
  3 orc high priests (D)
  A naga sharpshooter (D)
  Sonja (D)
  2 spriggan druids (D)
  A naga ritualist (D)
  2 hill giants (D)
  10 orc knights (D)
  2 swamp dragons (D)
  A wolf spider (D)
  A manticore (D)
  A griffon (D)
  7 elephants (D)
  A siren (D)
  A naga mage (D)
  3 black mambas (D)
  Psyche (D)
  A komodo dragon (D)
  A spiny frog (D)
  A kobold demonologist (D)
  A demonic crawler (D)
  A wind drake (D)
  A freezing wraith (D)
  2 merfolk (D)
  2 bog bodies (D)
  A two-headed ogre (D)
  A slime creature (D)
  3 jumping spiders (D)
  A redback (shapeshifter) (D)
  A redback (D)
  2 yaks (D)
  A water elemental (D)
  A trapdoor spider (D)
  A tarantella (D)
  Eustachio (D)
  A vampire mosquito (D)
  A basilisk (D)
  A wyvern (D)
  2 nagas (D)
  14 orc warriors (D)
  A black bear (D)
  4 water moccasins (D)
  A sky beast (D)
  An ogre (D)
  A wasp (D)
  3 crocodiles (D)
  5 giant frogs (D)
  2 crimson imps (D)
  3 orc priests (D)
  A hound (D)
  4 orc wizards (D)
  An adder (D)
  2 river rats (D)
  2 adder zombies (D)
  A worm (D)
  9 orcs (D)
  A bat (D)
  A bat zombie (D)
  A kobold (D)
  2 giant cockroaches (D)
  A giant gecko zombie (D)
  A giant newt (D)
143 creatures vanquished.

Vanquished Creatures (collateral kills)
  A hydra (D)
1 creature vanquished.

Grand Total: 144 creatures vanquished
